 Dungeon Crawl Stone Soup version 0.21-a0-529-g8c7b3f5 (webtiles) character file.

268 Nirn the Chopper (level 6, -4/47 HPs)
             Began as a Human Fighter on Dec 10, 2017.
             Blown up by Pikel (20 damage)
             ... with a wand of disintegration (12)
             ... on level 4 of the Dungeon.
             The game lasted 00:09:23 (3835 turns).

Nirn the Chopper (Human Fighter)                    Turns: 3835, Time: 00:09:25

Health: -4/47      AC: 11    Str: 17    XL:     6   Next: 45%
Magic:  6/6        EV:  6    Int:  8    God:
Gold:   246        SH:  0    Dex: 12    Spells: 5/5 levels left

rFire    . . .     SeeInvis .   l - +1 hand axe (flame)
rCold    . . .     Gourm    .   (no shield)
rNeg     . . .     Faith    .   x - +0 plate armour
rPois    .         Spirit   .   (helmet restricted)
rElec    .         Reflect  .   (no cloak)
rCorr    .         Harm     .   (no gloves)
MR       +....                  (no boots)
Stlth    ..........             (no amulet)
HPRegen  0.15/turn              (no ring)
MPRegen  0.10/turn              (no ring)

@: no status effects
A: horns 1, magic resistance 1, weak 1
a: no special abilities


You were on level 4 of the Dungeon.
You were hungry.

You visited 1 branch of the dungeon, and saw 4 of its levels.

You collected 246 gold pieces.

Inventory:

Hand Weapons
 a - a +0 war axe
 l - a +1 hand axe of flaming (weapon)
Missiles
 r - a throwing net (quivered)
Armour
 b - a +1 scale mail
 c - a +0 shield
 s - a +0 helmet of intelligence
 x - a +0 plate armour (worn)
Jewellery
 j - a cursed ring of magical power {unknown}
 u - an uncursed ring of poison resistance {unknown}
Wands
 m - a wand of random effects (60)
Scrolls
 e - a scroll of identify
 g - a scroll of fear
 i - 3 scrolls of fog
 y - a scroll of enchant armour
 z - a scroll of remove curse {unknown}
Potions
 d - a potion of might
 h - 3 potions of haste {unknown}
 k - a potion of cancellation {unknown}
 o - a potion of flight {unknown}
 q - a potion of magic {unknown}
 t - a potion of invisibility {unknown}
 v - a potion of ambrosia {unknown}
 w - a potion of lignification {unknown}
Comestibles
 f - 3 bread rations
 n - a royal jelly


   Skills:
 - Level 3.0 Fighting
   Level 1.0 Short Blades
 + Level 5.2 Axes
 - Level 3.0 Armour
 + Level 2.7 Dodging
 + Level 0.9 Stealth
 - Level 3.0 Shields


You had 5 spell levels left.
You didn't know any spells.

Dungeon Overview and Level Annotations

Branches:
Dungeon (4/15)
 Temple: D:4-7

Altars:
Dithmenos
Okawaru
Trog
Xom

Annotations:
D:4 Pikel


Innate Abilities, Weirdness & Mutations

You have a pair of small horns on your head.
You are resistant to hostile enchantments. (MR+)
You are weak. (Str -2)


Message History

You see here a worker ant corpse.
You feel sick.
Pikel zaps a wand.
You are blasted!
You feel sick.
Pikel cracks his whip.
Pikel zaps a wand.
You resist with some effort.
You feel sick.
You feel sick.
You feel sick.
You feel sick.
Pikel zaps a wand.
You resist with some effort.
You feel sick.
Pikel says, "I knew I should've brought a map."
You feel sick.
You are no longer poisoned.
There is an open door here.
You see here a worker ant corpse.
Pikel cracks his whip.
You are feeling hungry.
Pikel zaps a wand.
You are blasted!
You die...

### ..# #.# ###################
#.# #..pK...##........# #>#
#######.###...##........###.#####
.pK.......+...†.@................
#######.###...#|..[.....#.#.#####
#.# #)..#.........#.#.#
#.###...#.........#.#.#
#.....###########.#.#.###
#####...................#
#.......#####.#.#.#.# #.......#
#.#.#.#.# #.......# #.#.....#


You could see Pikel and a slave.

Vanquished Creatures
  A slave (D:3)
  Jessica (D:3)
  2 worker ants (D:4)
  Robin (D:3)
  A howler monkey skeleton (D:4)
  6 adders
  4 oozes
  A worm (D:3)
  A dart slug (D:1)
  6 leopard geckos
  5 orcs (D:3)
  12 bats
  3 giant cockroaches
  14 goblins
  6 hobgoblins
  10 jackals
  A quokka (D:2)
  3 frilled lizards
  5 kobolds
  5 rats
88 creatures vanquished.

Notes
Turn   | Place    | Note
-------+----------+-------------------------------------------
     0 | D:1      | Nirn the Human Fighter began the quest for the Orb.
     0 | D:1      | Reached XP level 1. HP: 18/18 MP: 1/1
    71 | D:1      | Reached XP level 2. HP: 23/24 MP: 2/2
   333 | D:1      | Reached skill level 3 in Axes
   385 | D:1      | Reached XP level 3. HP: 29/29 MP: 3/3
   449 | D:1      | Reached skill level 1 in Dodging
   849 | D:1      | Gained mutation: You have large cloven feet. [potion of mutation]
   849 | D:1      | Gained mutation: You are dopey. (Int -2) [potion of mutation]
   849 | D:1      | Gained mutation: You are clumsy. (Dex -2) [potion of mutation]
   849 | D:1      | Gained mutation: You have a pair of small horns on your head. [potion of mutation]
   946 | D:2      | Reached XP level 4. HP: 31/35 MP: 4/4
   950 | D:2      | Reached skill level 1 in Short Blades
  1760 | D:3      | Lost mutation: You have large cloven feet. [potion of mutation]
  1760 | D:3      | Lost mutation: You are clumsy. (Dex -2) [potion of mutation]
  1760 | D:3      | Gained mutation: You are weak. (Str -2) [potion of mutation]
  1760 | D:3      | Lost mutation: You are dopey. (Int -2) [potion of mutation]
  1760 | D:3      | Gained mutation: You are resistant to hostile enchantments. (MR+) [potion of mutation]
  1765 | D:3      | Found a bloodstained altar of Trog.
  1807 | D:3      | Noticed Robin
  1826 | D:3      | Reached XP level 5. HP: 30/41 MP: 5/5
  1830 | D:3      | Killed Robin
  1830 | D:3      | Reached skill level 4 in Axes
  1965 | D:3      | Noticed Jessica
  1974 | D:3      | Killed Jessica
  2288 | D:3      | Found a shadowy altar of Dithmenos.
  2989 | D:4      | Found a shimmering altar of Xom.
  3016 | D:4      | Noticed a slave
  3020 | D:4      | Noticed a slave
  3055 | D:3      | Killed a slave
  3284 | D:4      | Reached XP level 6. HP: 43/47 MP: 6/6
  3319 | D:4      | Noticed a slave
  3621 | D:4      | Noticed a slave
  3622 | D:4      | Noticed Pikel
  3726 | D:4      | Reached skill level 5 in Axes
  3766 | D:4      | Found an iron altar of Okawaru.
  3835 | D:4      | Blown up by Pikel

Vault maps used:
D:1:      giann_horns
D:2:      first_bread
D:3:      overflow_temple_1_default, grunt_dithmenos_smoke_and_mirrors,
          uniq_robin, uniq_jessica
D:4:      xom_butterflies, grunt_decor_clamped, okawaru_gym_becter, uniq_pikel,
          uniq_eustachio, uniq_menkaure

Skill      XL: |  1  2  3  4  5  6 |
---------------+-------------------+-----
Axes           | 3 4 5 |  5.2
Dodging        | 1 2 |  2.7
Short Blades   | 1 |  1.0
Fighting       | |  3.0
Armour         | |  3.0
Stealth        | |  0.9
Shields        | |  3.0

Action                   |  1- 3 |  4- 6 || total
-------------------------+-------+-------++-------
Melee: War axe           |    19 |       ||    19
       Dagger            |    64 |     9 ||    73
       Kick              |     4 |     8 ||    12
       Headbutt          |     3 |    29 ||    32
       Hand axe          |       |   184 ||   184
  Use: Scroll            |     5 |     3 ||     8
       Potion            |     1 |     2 ||     3
  Eat: Chunk             |       |     9 ||     9
Armor: Scale mail        |    54 |    64 ||   118
       Plate armour      |       |    39 ||    39
Dodge: Dodged            |    52 |    91 ||   143

Table legend:
 A = Spawn XP
 B = Non-spawn XP
 C = Spawn XP percentage of total XP
 D = Spawn monster count
 E = Non-spawn monster count
 F = Spawn count percentage of total count
 G = Total turns spent on level
                    A         B        C        D         E        F      G
               +---------+---------+-------+---------+---------+-------+---------
         Total |       0 |     383 |   0.0 |       0 |      87 |   0.0 |  3835
               +---------+---------+-------+---------+---------+-------+---------
           D:1 |       0 |      53 |   0.0 |       0 |      24 |   0.0 |   852
           D:2 |       0 |      63 |   0.0 |       0 |      17 |   0.0 |   885
           D:3 |       0 |     149 |   0.0 |       0 |      39 |   0.0 |  1504
           D:4 |       0 |     118 |   0.0 |       0 |       7 |   0.0 |   594
               +---------+---------+-------+---------+---------+-------+---------
